 Dungeon Crawl Stone Soup version 0.23.2-1-ga50397a (webtiles) character file.

Game seed: 3961181411526723284

124 Goblin1989 the Quickloader (level 5, -5/43 HPs)
             Began as a Gnoll Hunter on May 13, 2019.
             Was an Initiate of Dithmenos.
             Slain by an orc warrior
             ... wielding a +0 short sword
              (11 damage)
             ... on level 6 of the Dungeon.
             The game lasted 00:05:30 (1790 turns).

Goblin1989 the Quickloader (Gnoll Hunter)           Turns: 1790, Time: 00:05:31

Health: -5/43      AC:  6    Str: 16    XL:     5   Next: 8%
Magic:  6/6        EV: 13    Int: 13    God:    Dithmenos [......]
Gold:   46         SH:  0    Dex: 15    Spells: 6/6 levels left

rFire    . . .     SeeInvis .   O - +0 rapier (venom)
rCold    . . .     Gourm    .   (no shield)
rNeg     + . .     Faith    .   l - +0 ring mail
rPois    .         Spirit   .   (no helmet)
rElec    .         Reflect  .   Q - +0 cloak
rCorr    +         Harm     .   (no gloves)
MR       .....                  (no boots)
Stlth    ++........             (no amulet)
HPRegen  0.14/turn              g - ring of resist corrosion
MPRegen  0.10/turn              W - ring of positive energy

@: no status effects
A: distributed training, fangs 1, strong nose
a: Renounce Religion


You were on level 6 of the Dungeon.
You worshipped Dithmenos.
Dithmenos was noncommittal.
You were hungry.

You visited 1 branch of the dungeon, and saw 4 of its levels.

You collected 46 gold pieces.

Inventory:

Hand Weapons
 a - a +1 hand crossbow
 b - a +0 short sword
 j - a +0 hunting sling
 m - a +0 whip
 O - a +0 rapier of venom (weapon)
 X - a +0 rapier
Missiles
 d - 51 bolts
 N - 16 poisoned needles
 T - 14 stones {@Q3}
 V - 23 arrows
 Y - 8 javelins (quivered) {@Q2}
 Z - a throwing net {!d , @Q1}
Armour
 c - a +0 leather armour
 l - a +0 ring mail (worn)
 Q - a +0 cloak (worn)
Jewellery
 g - a ring of resist corrosion (left hand)
 W - a ring of positive energy (right hand)
Scrolls
 h - a scroll of teleportation {unknown}
 k - 4 scrolls of identify {unknown}
 n - a scroll of blinking {unknown}
 R - a scroll of magic mapping {unknown}
 S - a scroll of fog {unknown}
 U - a scroll of remove curse {unknown}
Potions
 f - 3 potions of haste {unknown}
 o - 3 potions of agility {unknown}
 P - a potion of cancellation {unknown}
Comestibles
 e - 4 rations


   Skills:
 + Level 4.7 Fighting
 + Level 1.3 Short Blades
 + Level 1.3 Long Blades
 + Level 1.3 Axes
 + Level 1.3 Maces & Flails
 + Level 1.3 Polearms
 + Level 1.3 Staves
 + Level 1.3 Slings
 + Level 1.3 Bows
 + Level 8.6 Crossbows
 + Level 1.3 Throwing
 + Level 1.3 Armour
 + Level 4.7 Dodging
 + Level 2.6 Stealth
 + Level 1.3 Shields
 + Level 1.3 Unarmed Combat
 + Level 1.3 Spellcasting
 + Level 1.0 Conjurations
 + Level 1.0 Hexes
 + Level 1.0 Charms
 + Level 1.0 Summonings
 + Level 1.0 Necromancy
 + Level 1.0 Translocations
 + Level 1.0 Transmutations
 + Level 1.0 Fire Magic
 + Level 1.0 Ice Magic
 + Level 1.0 Air Magic
 + Level 1.0 Earth Magic
 + Level 1.0 Poison Magic
 + Level 1.4 Invocations
 + Level 1.3 Evocations


You had 6 spell levels left.
You didn't know any spells.
Your spell library contained the following spells:

 Spells                   Type           Power        Failure   Level  Hunger
 Beastly Appendage        Tmut           #.....       34%         1    ##.....
 Sticks to Snakes         Tmut           #.......     45%         2    ###....
 Spider Form              Tmut/Pois      #.........   71%         3    ####...
 Ice Form                 Ice/Tmut       #.......     98%         4    #####..
 Blade Hands              Tmut           #.........   100%        5    ######.


Dungeon Overview and Level Annotations

Branches:
Dungeon (3/15)

Altars:
Ashenzari
Dithmenos
Nemelex Xobeh
Okawaru
The Shining One


Innate Abilities, Weirdness & Mutations

Your experience applies equally to all skills.
You have very sharp teeth.
Your uncanny sense of smell can sniff out nearby items.


Message History

The hound barely misses you. The hound bites you but does no damage.
You barely miss the hound.
The hound is heavily wounded.
The hound closely misses you. The hound bites you but does no damage.
You puncture the hound!
The hound is almost dead.
You kill the hound!
Dithmenos accepts your kill.
A sky beast comes into view.
You see here a whip.
A bullfrog zombie comes into view.
The bullfrog zombie hits you.
You take 1 damage, and have 37/38 hp.
The bullfrog zombie barely misses you. The bullfrog zombie misses you.
You barely miss the bullfrog zombie. The bullfrog zombie hits you.
You take 6 damage, and have 31/38 hp.
You hit the bullfrog zombie.
The bullfrog zombie is lightly damaged.
The bullfrog zombie barely misses you. x2
You hit the bullfrog zombie.
The bullfrog zombie is lightly damaged.
The bullfrog zombie hits you but does no damage.
You puncture the bullfrog zombie! You bite the bullfrog zombie.
The bullfrog zombie is heavily damaged.
The bullfrog zombie closely misses you. The bullfrog zombie misses you.
You hit the bullfrog zombie. You bite the bullfrog zombie.
The bullfrog zombie is severely damaged.
The bullfrog zombie closely misses you.
You puncture the bullfrog zombie!
You destroy the bullfrog zombie!
Dithmenos accepts your kill.
Your Conjurations skill increases to level 1!
Your Hexes skill increases to level 1!
Your Charms skill increases to level 1!
Your Summonings skill increases to level 1!
Your Necromancy skill increases to level 1!
Your Translocations skill increases to level 1!
Your Transmutations skill increases to level 1!
Your Fire Magic skill increases to level 1!
Your Ice Magic skill increases to level 1!
Your Air Magic skill increases to level 1!
Your Earth Magic skill increases to level 1!
Your Poison Magic skill increases to level 1!
You have reached level 5!
You regained 4 hp, and now have 36/43 hp.
MP restored: 6 Unknown command.
Unknown command.
Unknown command.
Found a stone staircase leading down.
You pick up a book of Changes and begin reading...
You add the spells Beastly Appendage, Sticks to Snakes, Spider Form, Ice Form and Blade Hands to your library.
A quokka comes into view.
A hound, an orc and an orc wizard come into view.
The orc shouts!
The orc wizard shouts!
You hear a shout! x2
An orc warrior comes into view. It is wielding a +0 short sword.
An orc comes into view. It is wielding a +0 falchion.
A quokka zombie comes into view.
The hound moves out of view.
An orc priest comes into view.
The orc wizard casts a spell.
The orc wizard seems to speed up.
You hear a bark!
A hound comes into view.
The orc wizard casts a spell.
The orc wizard blinks!
The orc priest looks satisfied for a moment.
You barely miss the orc. The orc misses you.
You hit the orc.
You kill the orc!
Dithmenos accepts your kill. The orc wizard casts a spell at you.
The magic dart hits you!
You take 8 damage, and have 32/43 hp.
You barely miss the orc wizard.
The orc wizard hits you with a +0 dagger.
You take 2 damage, and have 30/43 hp.
You hit the orc wizard.
The orc wizard is poisoned.
Your bite misses the orc wizard.
The orc wizard is heavily wounded.
The orc wizard hits you but does no damage.
The orc wizard hits you with a +0 dagger.
You take 2 damage, and have 28/43 hp.
You hit the orc wizard but do no damage.
The orc wizard looks as sick as possible!
The orc wizard is heavily wounded.
The orc wizard hits you but does no damage.
The orc priest invokes the aid of Beogh against you.
Beogh smites you!
* * * LOW HITPOINT WARNING * * *
The orc wizard casts a spell at you. The magic dart hits you!
* * * LOW HITPOINT WARNING * * *
You take 23 damage, and have 5/43 hp.
MASSIVE DAMAGE!!
You hit the orc warrior.
The orc warrior is poisoned.
You bite the orc warrior, but do no damage.
The orc warrior is lightly wounded.
The orc wizard closely misses you.
The orc warrior hits you with a +0 short sword!
You die...

██.████ █.......███.█..
██....███ █..............
..███...████........███████████
......█..............██.......█
..███......█.........██.......█
███ ██.█.......████...........█
.......███...................█
.███████ ██████o██o.....█.....
█.@orZ....█ ███. ██████...>.█
█....... █........ █...hZ... ∆
....█..... .█..██......


You could see an orc warrior, an orc priest, an orc wizard, a quokka zombie and
a quokka.

Vanquished Creatures
  A hound (D:6)
  A bullfrog zombie (D:6)
  An adder (D:2)
  An ooze (D:1)
  A worm (D:2)
  A dart slug (D:1)
  2 leopard geckos (D:2)
  An orc (D:6)
  3 bats
  2 giant cockroaches
  2 goblins (D:2)
  6 hobgoblins
  3 jackals (D:2)
  A quokka (D:2)
  A ball python (D:2)
  2 frilled lizards
  5 kobolds
  6 rats
40 creatures vanquished.

Notes
Turn   | Place    | Note
-------+----------+-------------------------------------------
     0 | D:1      | Goblin1989 the Gnoll Hunter began the quest for the Orb.
     0 | D:1      | Reached XP level 1. HP: 20/20 MP: 1/1
   150 | D:1      | Reached XP level 2. HP: 26/26 MP: 2/2
   770 | D:2      | Reached XP level 3. HP: 31/31 MP: 3/3
   848 | D:2      | Found a shadowy altar of Dithmenos.
   864 | D:2      | Became a worshipper of Dithmenos the Shadowed
  1019 | D:2      | Found an iron altar of Okawaru.
  1022 | D:2      | Found a glowing golden altar of the Shining One.
  1023 | D:2      | Found a sparkling altar of Nemelex Xobeh.
  1023 | D:2      | Found a shattered altar of Ashenzari.
  1028 | D:2      | Reached skill level 1 in Invocations
  1077 | D:2      | Reached skill level 1 in Short Blades
  1077 | D:2      | Reached skill level 1 in Long Blades
  1077 | D:2      | Reached skill level 1 in Axes
  1077 | D:2      | Reached skill level 1 in Maces & Flails
  1077 | D:2      | Reached skill level 1 in Polearms
  1077 | D:2      | Reached skill level 1 in Staves
  1077 | D:2      | Reached skill level 1 in Slings
  1077 | D:2      | Reached skill level 1 in Bows
  1077 | D:2      | Reached skill level 1 in Throwing
  1077 | D:2      | Reached skill level 1 in Armour
  1077 | D:2      | Reached skill level 1 in Shields
  1077 | D:2      | Reached skill level 1 in Unarmed Combat
  1077 | D:2      | Reached skill level 1 in Spellcasting
  1077 | D:2      | Reached skill level 1 in Evocations
  1270 | D:2      | Reached XP level 4. HP: 38/38 MP: 5/5
  1716 | D:3      | You fall through a shaft for 3 floors!
  1741 | D:6      | Noticed a sky beast
  1761 | D:6      | Reached skill level 1 in Conjurations
  1761 | D:6      | Reached skill level 1 in Hexes
  1761 | D:6      | Reached skill level 1 in Charms
  1761 | D:6      | Reached skill level 1 in Summonings
  1761 | D:6      | Reached skill level 1 in Necromancy
  1761 | D:6      | Reached skill level 1 in Translocations
  1761 | D:6      | Reached skill level 1 in Transmutations
  1761 | D:6      | Reached skill level 1 in Fire Magic
  1761 | D:6      | Reached skill level 1 in Ice Magic
  1761 | D:6      | Reached skill level 1 in Air Magic
  1761 | D:6      | Reached skill level 1 in Earth Magic
  1761 | D:6      | Reached skill level 1 in Poison Magic
  1761 | D:6      | Reached XP level 5. HP: 36/43 MP: 6/6
  1776 | D:6      | Noticed an orc warrior
  1790 | D:6      | Slain by an orc warrior

Skill      XL: |  1  2  3  4 |
---------------+-------------+-----
Invocations    | 1 |  1.4
Short Blades   | 1 |  1.3
Long Blades    | 1 |  1.3
Axes           | 1 |  1.3
Maces & Flails | 1 |  1.3
Polearms       | 1 |  1.3
Staves         | 1 |  1.3
Slings         | 1 |  1.3
Bows           | 1 |  1.3
Throwing       | 1 |  1.3
Armour         | 1 |  1.3
Shields        | 1 |  1.3
Unarmed Combat | 1 |  1.3
Spellcasting   | 1 |  1.3
Evocations     | 1 |  1.3
Conjurations   | 1 |  1.0
Hexes          | 1 |  1.0
Charms         | 1 |  1.0
Summonings     | 1 |  1.0
Necromancy     | 1 |  1.0
Translocations | 1 |  1.0
Transmutations | 1 |  1.0
Fire Magic     | 1 |  1.0
Ice Magic      | 1 |  1.0
Air Magic      | 1 |  1.0
Earth Magic    | 1 |  1.0
Poison Magic   | 1 |  1.0
Fighting       | |  4.7
Crossbows      | |  8.6
Dodging        | |  4.7
Stealth        | |  2.6

Action                   |  1- 3 |  4- 6 || total
-------------------------+-------+-------++-------
Melee: Short sword       |   107 |     9 ||   116
       Bite              |    11 |     4 ||    15
       Rapier            |       |    17 ||    17
 Fire: Hand crossbow     |     7 |       ||     7
 Stab: Sleeping          |     8 |       ||     8
  Eat: Chunk             |     1 |     1 ||     2
Armor: Leather armour    |     7 |       ||     7
       Ring mail         |    25 |     7 ||    32
Dodge: Dodged            |    86 |    17 ||   103

Levels and vault maps discovered:
D:1:      minmay_arrival_hallway, layout_loops_ring
D:2:      layout_loops_ring, nicolae_dithmenos_shadow_blocks,
          grunt_temple_overflow_open
D:3:      layout_loops_ring, nicolae_qazlal_style_of_elements, first_ration
D:6:      layout_rooms, lemuel_coloured_pillars_altar,
          minmay_temple_entry_mini_moons
